 Dungeon Crawl Stone Soup version 0.29.0-11-gd7f09526c8 (webtiles) character file.

Game seed: 16101095183611253904

144 xian the Covert (level 5, 0/30 HPs)
             Began as a Spriggan Hunter on Sept 6, 2022.
             Succumbed to an adder's poison
             ... on level 2 of the Dungeon.
             The game lasted 00:04:07 (1784 turns).

xian the Covert (Spriggan Hunter)                   Turns: 1784, Time: 00:04:07

Health: 0/30       AC:  2    Str:  8 (9)  XL:     5   Next: 5%
Magic:  6/6        EV: 22    Int:  7 (10) God:
Gold:   42         SH:  0    Dex: 16 (19) Spells: 4/4 levels left

rFire   . . .      SeeInvis +   a - +0 shortbow
rCold   . . .      Faith    .   (shield currently unavailable)
rNeg    . . .      Spirit   +   c - +0 robe
rPois   .          Reflect  .   (helmet restricted)
rElec   .          Harm     .   (no cloak)
rCorr   .          Rampage  .   (gloves unavailable)
Will    .....                   (boots unavailable)
Stlth   ++++......              g - amulet of guardian spirit
HPRegen 0.10/turn               (no ring)
MPRegen 0.10/turn               (no ring)

@: lethally poisoned (0 -> -1), very quick
A: very small, no large weapons, unfitting armour, see invisible, speed 3
a: no special abilities


You were on level 2 of the Dungeon.
You visited 1 branch of the dungeon, and saw 3 of its levels.

You collected 42 gold pieces.

Inventory:

Hand Weapons
 a - a +0 shortbow (weapon)
 j - a +0 dagger
Armour
 c - a +0 robe (worn)
Magical Staves
 k - a staff of fire
Jewellery
 g - an amulet of guardian spirit (around neck)
Scrolls
 b - 2 scrolls of immolation
 h - a scroll of enchant armour
Potions
 e - 2 potions of haste
 l - a potion of lignification {unknown}


   Skills:
 + Level 5.2 Fighting
 + Level 7.2 Ranged Weapons
 + Level 8.3 Dodging
 + Level 9.5 Stealth


You had 4 spell levels left.
You didn't know any spells.
Your spell library was empty.

Dungeon Overview and Level Annotations

Branches:
Dungeon (3/15)

Altars:


Innate Abilities, Weirdness & Mutations

You are very small and have problems with some larger weapons.
You are too small for most types of armour.
You have supernaturally acute eyesight. (SInv)
You cover ground extremely quickly. (Speed+++)


Message History

You are too injured to fight recklessly!
Okay, then.
Fire: a) +0 shortbow
Press: ? - help, Q - select action Shift-Dir - straight line, f/p - adder
Aim: an adder (heavily wounded, 48% to hit)
You shoot an arrow. The arrow misses the adder.
Unknown command.
Fire: a) +0 shortbow
Press: ? - help, Q - select action Shift-Dir - straight line, f/p - adder
Aim: an adder (heavily wounded, 48% to hit)
You shoot an arrow. The arrow closely misses the adder.
The adder bites you.
You are lethally poisoned!
The adder poisons you!
* * * LOW HITPOINT WARNING * * *
You feel sick. The adder completely misses you.
You climb upwards.
* * * LOW HITPOINT WARNING * * *
You feel sick.
There is a stone staircase leading down here.
* * * LOW HITPOINT WARNING * * *
You feel sick.
It was a potion of magic.
Magic courses through your body.
* * * LOW HITPOINT WARNING * * *
You feel sick. The adder completely misses you.
It was a potion of degeneration.
There was something very wrong with that liquid.
You feel weakened.
You feel dopey.
You feel clumsy.
* * * LOW HITPOINT WARNING * * *
You feel sick. The adder completely misses you.
Unknown command.
It was a potion of experience.
You feel more experienced!
Your Fighting skill gained 3 levels and is now at level 5!
Your Ranged Weapons skill gained 3 levels and is now at level 7!
Your Dodging skill gained 5 levels and is now at level 8!
Your Stealth skill gained 6 levels and is now at level 9!
You have reached level 5!
You feel agile.
You die...

.........รท.#.###?......#
#..(..
..............<..#.....#
#.....
..####.#.....#####..[..#
#.##.# ..# #.......# #######
#.##.# ..# ###.....#####
#....# ..# #.........# #.####
..# ######.#####.# #.#### ..#
#......#####.# #.....
#.###.####.....#@#### #.####
##.##.####..###.S##.########.#
#........#..# #>.............#
.#.##.##.#..###.###.##########
...##.##.#.#...## ###
#####......##### # ####.### ##
#.# .# #.#


You could see an adder.

Vanquished Creatures
  2 adders (D:2)
  A worm (D:2)
  3 dart slugs
  An endoplasm (D:2)
  A giant cockroach (D:1)
  4 goblins
  5 hobgoblins
  3 jackals (D:1)
  2 kobolds (D:1)
  2 quokkas
  5 ball pythons
  6 bats
  7 frilled lizards
  4 rats
46 creatures vanquished.

Notes
Turn   | Place    | Note
-------+----------+-------------------------------------------
     0 | D:1      | xian the Spriggan Hunter began the quest for the Orb.
     0 | D:1      | Reached XP level 1. HP: 10/10 MP: 2/2
    32 | D:1      | You fall into a shaft and drop 1 floor!
    48 | D:2      | Reached skill level 2 in Stealth
    53 | D:2      | Reached XP level 2. HP: 15/15 MP: 3/3
   630 | D:1      | Reached XP level 3. HP: 18/18 MP: 4/4
   683 | D:1      | Found a faded altar of an unknown god.
  1110 | D:2      | Reached skill level 3 in Stealth
  1394 | D:2      | Reached XP level 4. HP: 18/23 MP: 5/5
  1783 | D:2      | HP: 1/23 [poisoned by an adder]
  1784 | D:2      | Reached skill level 5 in Fighting
  1784 | D:2      | Reached skill level 9 in Stealth
  1784 | D:2      | Reached XP level 5. HP: 1/30 MP: 6/6
  1784 | D:2      | Succumbed to an adder's poison

Illustrated notes

Levels and vault maps discovered:
D:1:      enne_arrival_octagon_isle, layout_rooms, basic_ecumenical_altar,
          minmay_shallow_snake_nest
D:2:      layout_loops_cross
D:3:      layout_basic

Skill      XL: |  1  2  3  4 |
---------------+-------------+-----
Stealth        | 2 3 9 |  9.5
Dodging        | 3 8 |  8.3
Fighting       | 2 5 |  5.2
Ranged Weapons | 7 |  7.2

Action                   |  1- 3 |  4- 6 || total
-------------------------+-------+-------++-------
 Fire: Shortbow          |   115 |    12 ||   127
  Use: Scroll            |     4 |       ||     4
       Potion            |       |     3 ||     3
Armor: Robe              |     7 |       ||     7
Dodge: Dodged            |    48 |     4 ||    52
